Map: Oceanborn LE

Players

SubN

  • Race: Zerg Zerg
  • League: Diamond
  • Spawn Location: 11:00

Vera - Winner!

  • Race: Terran Terran
  • League: Diamond
  • Spawn Location: 5:00

VOD

Have the link to the VOD?

Description

Time

  • Played on: Jan. 22, 2024, 1:17 p.m.
  • Length: 11:45
Show
View Real Time Build Order
Export as new Build Order

SubN Zerg 

Build Orders: Pool First 

Get SALT Encoding   

  12  0:00  Drone  
  13  0:12  Overlord  
  13  0:19  Drone  
  14  0:30  Drone x2  
  16  0:37  Drone  
  17  0:45  Spawning Pool  
  17  0:48  Drone  
  17  1:10  Hatchery  
  16  1:12  Drone  
  16  1:16  Drone  
  18  1:26  Extractor  
  18  1:32  Zergling x4  
  19  1:34  Queen  
  21  1:40  Overlord  
  21  1:49  Drone  
  22  2:00  Drone  
  23  2:10  Drone  
  24  2:20  Queen  
  24  2:22  Queen  
  28  2:25  Drone x2  
  30  2:54  Metabolic Boost  
  30  2:58  Drone x6  
  36  3:13  Overlord  
  36  3:18  Hatchery, Overlord  
  35  3:30  Drone, Queen  
  35  3:31  Overlord  
  38  3:36  Drone x6  
  43  4:00  Lair  
  43  4:05  Spore Crawler  
  43  4:06  Spore Crawler  
  43  4:07  Drone  
  43  4:08  Drone  
  43  4:09  Drone x7  
  50  4:16  Pneumatized Carapace  
  50  4:23  Zergling x2  
  51  4:29  Queen  
  51  4:30  Overlord  
  53  4:32  Overlord  
  53  4:34  Overlord  
  53  4:38  Extractor  
  52  4:39  Extractor  
  52  4:40  Drone x4  
  55  4:47  Spore Crawler  
  55  4:49  Drone  
  55  4:51  Drone x4  
  59  4:53  Drone x2  
  59  4:59  Roach Warren  
  60  5:00  Queen  
  60  5:02  Drone, Evolution Chamber  
  60  5:03  Evolution Chamber  
  60  5:06  Queen  
  63  5:13  Overseer  
  63  5:15  Overseer  
  63  5:17  Overseer  
  63  5:19  Zergling x10  
  63  5:20  Zergling x2  
  69  5:24  Overlord  
  69  5:25  Overlord  
  69  5:27  Drone  
  70  5:39  Zergling x2  
  70  5:40  Zergling x18  
  80  5:54  Overlord x3  
  80  5:57  Drone x4  
  76  6:24  Drone x9  
  82  6:32  Drone, Extractor  
  82  6:33  Spire  
  82  6:34  Queen  
  82  6:35  Zerg Melee Weapons Level 1  
  82  6:39  Hatchery, Zerg Ground Armor Level 1  
  80  7:05  Drone x13  
  80  7:07  Extractor  
  91  7:09  Extractor  
  90  7:15  Drone  
  90  7:16  Drone, Infestation Pit  
  90  7:19  Glial Reconstitution  
  89  7:26  Roach x3  
  89  7:27  Overseer  
  95  7:38  Drone  
  95  7:42  Roach x5  
  95  7:43  Roach x6  
  118  7:45  Queen  
  118  7:51  Overlord, Zerg Flyer Weapons Level 1  
  120  7:53  Hatchery  
  120  7:54  Hive  
  120  7:55  Overlord x2  
  119  8:11  Spore Crawler  
  118  8:17  Corruptor x4  
  126  8:33  Hatchery  
  126  8:36  Ravager x4  
  130  8:50  Drone x7  
  137  9:01  Zerg Melee Weapons Level 2  
  137  9:02  Zerg Missile Weapons Level 1  
  137  9:06  Extractor  
  137  9:07  Zergling x4, Extractor  
  137  9:08  Zergling x16  
  145  9:10  Ravager  
  146  9:17  Baneling Nest, Overlord x5  
  146  9:18  Overlord  
  137  9:40  Zergling x2  
  137  9:41  Zergling x16  
  122  9:57  Zergling x2  
  122  9:58  Zergling x8  
  115  10:01  Baneling x2  
  115  10:02  Baneling x9  
  115  10:04  Zergling x2  
  110  10:08  Zergling x4  
  110  10:13  Queen x3  
  115  10:21  Zergling x2  
  115  10:22  Zergling x4  
  115  10:25  Greater Spire  
  96  10:37  Zergling x2  
  96  10:38  Zergling x6  
  99  10:47  Baneling  
  99  10:48  Baneling x5  
  99  10:50  Zergling x18  
  99  10:51  Zergling x4  
  110  10:57  Queen  
  110  10:59  Zergling x2  
  110  11:00  Zergling x4  
  113  11:10  Baneling x4  
  113  11:11  Zergling x6  
  114  11:13  Zergling x2  
  114  11:14  Zergling x6, Roach x2  
  124  11:21  Roach x4  
  132  11:27  Zergling x4  
Show
View Real Time Build Order
Export as new Build Order

Vera Terran - Winner!

Build Orders: Reaper Expand, Hellion Banshee 

Get SALT Encoding   

  12  0:00  SCV  
  13  0:12  SCV  
  14  0:17  Supply Depot  
  14  0:24  SCV  
  15  0:38  SCV  
  15  0:40  Barracks  
  16  0:43  Refinery  
  16  0:50  SCV  
  17  1:02  SCV  
  18  1:14  SCV  
  19  1:32  Orbital Command  
  19  1:33  Reaper  
  20  1:46  Command Center  
  20  1:54  Supply Depot  
  20  1:57  Refinery, SCV  
  21  2:07  Factory  
  21  2:09  SCV  
  21  2:13  Marine  
  23  2:22  SCV  
  24  2:36  Command Center  
  23  2:46  Barracks Reactor  
  23  2:51  SCV  
  23  2:56  Factory Tech Lab  
  23  2:58  Starport  
  24  3:03  SCV  
  25  3:08  Supply Depot  
  25  3:15  SCV  
  26  3:31  SCV  
  26  3:32  Barracks Reactor  
  26  3:33  Hellion x2  
  31  3:46  Banshee  
  34  3:51  Orbital Command  
  33  3:56  Hellion x2  
  37  4:08  SCV  
  38  4:12  Supply Depot  
  38  4:18  Marine x2  
  38  4:19  Hellion x2  
  44  4:24  Orbital Command  
  44  4:28  Supply Depot  
  44  4:33  Command Center  
  44  4:37  SCV  
  45  4:40  Supply Depot  
  45  4:43  Hellion  
  47  4:49  Hellion, Marine  
  47  4:51  Marine  
  51  4:55  SCV  
  51  4:56  SCV  
  53  5:01  Banshee  
  53  5:06  Hellion  
  58  5:08  SCV  
  58  5:10  SCV  
  60  5:14  Supply Depot  
  60  5:32  Marine x2  
  60  5:33  Hellion  
  60  5:34  Hellion  
  66  5:38  Barracks  
  66  5:41  Barracks  
  66  5:51  Orbital Command  
  66  5:52  SCV x2  
  68  5:57  Refinery  
  68  5:58  Refinery, Starport Reactor  
  68  6:04  Marine x2  
  69  6:05  Widow Mine  
  62  6:21  Marine, Widow Mine  
  62  6:22  Marine  
  60  6:26  Hellion  
  60  6:28  Factory  
  60  6:29  Barracks Tech Lab  
  62  6:39  Medivac x2  
  66  6:56  Marauder x2, Marine x2  
  66  6:57  Widow Mine x2  
  66  6:58  Orbital Command  
  76  7:07  SCV x2  
  78  7:11  Barracks  
  78  7:18  Marine  
  79  7:23  Marauder x2, Marine  
  79  7:24  Medivac x2  
  79  7:28  Widow Mine x2  
  92  7:37  Marine  
  92  7:41  Marine  
  92  7:43  Factory Tech Lab  
  94  7:45  Marauder  
  94  7:46  Marauder  
  94  7:48  SCV x2  
  100  7:58  Supply Depot  
  100  8:01  SCV  
  101  8:20  Marauder x2, Marine, SCV, Widow Mine  
  109  8:29  Marine x2  
  108  8:38  Combat Shield, Barracks Reactor  
  108  8:39  Stimpack  
  108  8:41  SCV  
  109  8:53  Medivac  
  109  8:54  SCV  
  109  9:07  Supply Depot, Armory  
  109  9:10  Supply Depot  
  109  9:12  Barracks  
  109  9:14  Command Center  
  109  9:26  SCV x2  
  109  9:28  Widow Mine, Marine x2, SCV, Medivac  
  116  9:32  Marauder x2, Widow Mine x2  
  116  9:38  SCV  
  121  9:42  Marine x2  
  121  9:43  Medivac  
  125  9:47  Marine  
  114  9:53  Marauder x2, Hellion  
  114  9:58  Medivac  
  104  10:12  Marine x2  
  104  10:13  Marine, Barracks Reactor  
  107  10:15  Marauder x2, Widow Mine  
  107  10:16  Hellion x2, Medivac  
  119  10:24  Marine  
  120  10:29  Barracks  
  102  10:36  Marauder  
  102  10:40  Marauder, Marine x2  
  102  10:41  Widow Mine x3  
  110  10:53  Marine x3  
  110  10:54  Marine  
  114  10:57  Marauder  
  114  10:58  Marine  
  114  11:01  Marine  
  114  11:02  Marauder, Widow Mine, Medivac x2  
  126  11:11  Marine  
  126  11:15  Marine x4  
  134  11:19  Marauder, Marine, Widow Mine  
  134  11:23  Marine  
Tags
 
Add a new tag
Caveats
  • Supply blocks, unpowered buildings, or Contaminate may cause inaccurate times.
  • Supply counts are checked every 10 seconds.